 Dungeon Crawl Stone Soup version 0.30-a0-629-gd54f4be4f7 (webtiles) character file.

Game seed: 9090256202379299673

4106 Dittersdorf the Protected (level 10, -2/65 HPs)
             Began as a Gargoyle Fighter on Jan 12, 2023.
             Was a Believer of Okawaru.
             Slain by a warg (12 damage)
             ... on level 8 of the Dungeon.
             The game lasted 00:11:29 (5939 turns).

Dittersdorf the Protected (Gargoyle Fighter)        Turns: 5939, Time: 00:11:29

Health: -2/65      AC: 21    Str: 24    XL:     10   Next: 26%
Magic:  10/10      EV:  8    Int: 15    God:    Okawaru [**....]
Gold:   126        SH:  5    Dex:  9    Spells: 9/9 levels left

rFire   . . .      SeeInvis .    k - +7 flail "Ulicouk" {protect, Int+4}
rCold   . . .      Faith    .    c - +0 buckler
rNeg    + + .      Spirit   .    p - +0 chain mail
rPois   ∞          Reflect  .    (no helmet)
rElec   +          Harm     .    n - +0 cloak
rCorr   .          Rampage  .    (no gloves)
Will    ++...                    y - +0 pair of boots of Autumn {rN+ Will++ Int+2} Stlth
                                 i - amulet of regeneration
HPRegen 1.10/turn                e - +4 ring of slaying
MPRegen 0.12/turn                (no ring)

@: studying Maces & Flails
A: sickness immunity, AC +7, negative energy resistance 1, electricity
resistance, torment resistance 1, petrification resistance
a: Renounce Religion, Heroism


You were on level 8 of the Dungeon.
You worshipped Okawaru.
Okawaru was pleased with you.
You visited 2 branches of the dungeon, and saw 10 of its levels.

You collected 439 gold pieces.
You spent 313 gold pieces at shops.

Inventory:

Hand Weapons
 k - the +7 flail "Ulicouk" (weapon) {protect, Int+4}
   (You acquired it on level 7 of the Dungeon)

   Int:       It affects your intelligence (+4).
Missiles
 v - 2 curare-tipped darts (quivered)
 B - a throwing net
Armour
 c - a +0 buckler (worn)
 n - a +0 cloak (worn)
 p - a +0 chain mail (worn)
 y - the +0 pair of boots of Autumn (worn) {rN+ Will++ Int+2}
   (You acquired it on level 7 of the Dungeon)

   Int:       It affects your intelligence (+2).
   rN:        It protects you from negative energy.
   Will:      It greatly increases your willpower.
Jewellery
 e - a +4 ring of slaying (left hand)
 i - an amulet of regeneration (around neck)
Wands
 b - a wand of light (3)
 x - a wand of roots (14)
Scrolls
 f - a scroll of identify
 h - 2 scrolls of magic mapping
 j - 2 scrolls of teleportation
 l - 3 scrolls of poison
 m - a scroll of enchant armour
 o - 2 scrolls of blinking
 A - a scroll of fog
 D - 2 scrolls of fear
Potions
 a - 2 potions of haste
 d - 2 potions of might
 g - 2 potions of berserk rage
 q - a potion of magic
 r - 3 potions of flight
 s - 2 potions of heal wounds
 t - a potion of cancellation
 u - a potion of lignification {unknown}
 w - a potion of brilliance


   Skills:
 + Level 8.7 Fighting
 - Level 2.4 Short Blades
 + Level 7.7 Maces & Flails
 + Level 8.7 Armour
 + Level 8.6 Shields


You had 9 spell levels left.
You didn't know any spells.
Your spell library contained the following spells:

 Spells                   Type           Power      Damage    Failure   Level
 Slow                     Hex            0%         N/A       88%         1
 Confusing Touch          Hex            0%         N/A       99%         3
 Kindle Blastsparks       Fire/Tloc/Air  0%         2d10      99%         3
 Vampiric Draining        Necr           0%         2d6       99%         3
 Fulminant Prism          Conj/Hex       0%         3d5       100%        4
 Iskenderun's Mystic Bla  Conj/Tloc      0%         2d3       100%        4
 Manifold Assault         Tloc           0%         N/A       100%        4
 Lee's Rapid Deconstruct  Erth           0%         3d4*      100%        5
 Dispersal                Tloc           0%         N/A       100%        6
 Disjunction              Tloc           0%         N/A       100%        8


Dungeon Overview and Level Annotations

Branches:
Dungeon (9/15)             Temple (1/1) D:7
   Lair: D:8-11         Orc: D:9-12

Altars:
Cheibriados
Dithmenos
Fedhas
Okawaru
Ru
Sif Muna
Uskayaw
Yredelemnul
The Shining One

Shops:
D:4 (   D:5 *   D:8 **

Annotations:
D:3 3 runed translucent doors, NinjaNoafa's ghost, amateur HuWn
D:8 3 runed translucent doors


Innate Abilities, Weirdness & Mutations

You are immune to sickness and miasma.
Your stone body is resilient. (AC +7)
You are immune to poison.
You resist negative energy. (rN+)
You are resistant to electric shocks. (rElec)
You are resistant to unholy torment.
You are immune to petrification.


Message History

You are too injured to fight recklessly!
You are too injured to fight recklessly!
You are too injured to fight recklessly!
You are too injured to fight recklessly!
You are too injured to fight recklessly!
You are too injured to fight recklessly!
You are too injured to fight recklessly!
You are too injured to fight recklessly!
You are too injured to fight recklessly!
You are too injured to fight recklessly!
You are too injured to fight recklessly!
You are too injured to fight recklessly!
You are too injured to fight recklessly!
You are too injured to fight recklessly!
You are too injured to fight recklessly!
You are too injured to fight recklessly!
You are too injured to fight recklessly!
Something hits you. The warg bites you but does no damage.
Something hits you but does no damage. The warg attacks as you move away!
The warg bites you!
* * * LOW HITPOINT WARNING * * *
The warg bites you!
* * * LOW HITPOINT WARNING * * *
The warg bites you but does no damage. The warg attacks as you move away!
The warg bites you!
* * * LOW HITPOINT WARNING * * *
The warg attacks as you move away! The warg bites you.
* * * LOW HITPOINT WARNING * * *
An orc comes into view. It is wielding a +0 club.
The warg attacks as you move away! The warg closely misses you.
The warg barely misses you.
There is a stone staircase leading up here.
The warg bites you but does no damage.
You climb upwards.
Level annotation: 3 runed translucent doors Reactivating autopickup.
There is a stone staircase leading down here.
The warg attacks as you move away! You block the warg's attack.
The warg bites you!
You die...

######### #.......#
######### ##.####.#
#.......# #.# #.#
#.###...# #.# #.#
#...#...# ## #<# #.#
###.#...# #. ###
#?###.......######.
#.@h...............
#####>.[)#...######)
#......#[#...# #.
#......#.....#######
#........#.#.......#
#........#.#.......#
#####......#.......#
#..............#
#####.............#


You could see a warg.

Vanquished Creatures
  Joseph (D:9)
  Maggie (D:8)
  Grinder (D:5)
  Prince Ribbit (D:6)
  4 steam dragons
  2 ice beasts
  An orc warrior (D:6)
  4 sky beasts
  A black bear (D:5)
  4 centaurs
  A phantom (D:4)
  A kobold brigand (D:5)
  A bullfrog (D:8)
  2 necrophages
  2 scorpions
  6 killer bees (D:8)
  3 howler monkeys (D:8)
  A hound (D:6)
  4 orc priests
  3 jellies
  A gnoll bouda (D:7)
  Jessica (D:3)
  2 orc wizards
  3 iguanas
  9 gnolls
  10 adders
  A white imp (D:6)
  2 ufetubi (D:5)
  4 worms
  3 dart slugs
  16 orcs
  9 bats
  5 endoplasms
  4 giant cockroaches
  8 hobgoblins
  6 jackals
  3 quokkas
  11 ball pythons
  3 frilled lizards
  11 goblins
  14 kobolds
  4 rats
174 creatures vanquished.

Vanquished Creatures (others)
  A withered plant (D:3)
1 creature vanquished.

Grand Total: 175 creatures vanquished

Notes
Turn   | Place    | Note
-------+----------+-------------------------------------------
     0 | D:1      | Dittersdorf the Gargoyle Fighter began the quest for the
                  | Orb.
     0 | D:1      | Reached XP level 1. HP: 14/14 MP: 1/1
    70 | D:1      | Reached XP level 2. HP: 15/19 MP: 2/2
   355 | D:1      | Reached XP level 3. HP: 19/23 MP: 3/3
  1163 | D:2      | Reached XP level 4. HP: 29/29 MP: 4/4
  1538 | D:3      | Found a runed translucent gate.
  1538 | D:3      | Found a runed translucent gate.
  1538 | D:3      | Found a runed translucent gate.
  1582 | D:3      | Noticed NinjaNoafa's ghost (amateur HuWn)
  1694 | D:3      | Noticed a scorpion
  1702 | D:3      | Killed a scorpion
  1703 | D:3      | Reached XP level 5. HP: 25/33 MP: 5/5
  1876 | D:3      | Noticed Jessica
  1882 | D:3      | Found a shimmering blue altar of Sif Muna.
  1940 | D:3      | Killed Jessica
  2291 | D:3      | Found a faded altar of an unknown god.
  2652 | D:4      | Reached XP level 6. HP: 39/39 MP: 6/6
  2761 | D:4      | Found Momu's Antique Weapon Shoppe.
  3188 | D:5      | Entered Level 5 of the Dungeon
  3234 | D:5      | Noticed Grinder
  3236 | D:5      | Paralysed by Grinder for 4 turns
  3258 | D:4      | Reached skill level 5 in Fighting
  3258 | D:4      | Reached skill level 5 in Armour
  3258 | D:4      | Reached skill level 5 in Shields
  3258 | D:4      | Reached XP level 7. HP: 41/44 MP: 7/7
  3310 | D:5      | Paralysed by Grinder for 2 turns
  3334 | D:5      | Paralysed by Grinder for 2 turns
  3349 | D:5      | Killed Grinder
  3457 | D:5      | Found a hide-covered altar of Uskayaw.
  3469 | D:5      | Found a snail-covered altar of Cheibriados.
  3537 | D:5      | Found Jagom's General Store.
  3758 | D:5      | Reached XP level 8. HP: 35/51 MP: 8/8
  3859 | D:5      | Identified the +8 dagger of the Summoning Pariah
                  | {antimagic, rPois rF+ Str+4 Dex+3}
  4066 | D:6      | Reached skill level 1 in Short Blades
  4071 | D:6      | Identified the +1 robe of the Candlemaker {rF+ rN+}
  4593 | D:7      | Reached XP level 9. HP: 55/56 MP: 3/9
  4595 | D:7      | Identified 2 scrolls of acquirement
  4595 | D:7      | Acquired the +0 pair of boots of Autumn {rN+ Will++ Int+2}
  4602 | D:7      | Acquired the +7 flail "Ulicouk" {protect, Int+4}
  4687 | D:7      | Found Zacvuumu's Magic Scroll Boutique.
  4721 | D:7      | Reached skill level 5 in Maces & Flails
  4805 | D:7      | Found a staircase to the Ecumenical Temple.
  4811 | Temple   | Entered the Ecumenical Temple
  4818 | Temple   | Became a worshipper of Warmaster Okawaru
  4873 | D:7      | Noticed Prince Ribbit
  4916 | D:6      | Killed Prince Ribbit
  5015 | D:6      | Reached * piety under Okawaru
  5104 | D:7      | Bought a scroll of identify for 22 gold pieces
  5104 | D:7      | Bought a scroll of identify for 22 gold pieces
  5104 | D:7      | Bought a scroll of identify for 22 gold pieces
  5104 | D:7      | Bought a scroll of identify for 22 gold pieces
  5104 | D:7      | Bought a scroll of identify for 22 gold pieces
  5104 | D:7      | Bought a scroll of magic mapping for 82 gold pieces
  5104 | D:7      | Bought a scroll of fear for 44 gold pieces
  5104 | D:7      | Bought a scroll of teleportation for 33 gold pieces
  5104 | D:7      | Bought a scroll of amnesia for 44 gold pieces
  5388 | D:8      | Acquired a manual of Maces & Flails
  5394 | D:8      | Found Isimpava's General Store.
  5398 | D:8      | Found Pohuetwu's Specific Store.
  5508 | D:8      | Found a runed translucent gate.
  5508 | D:8      | Found a runed translucent gate.
  5508 | D:8      | Found a runed translucent gate.
  5508 | D:8      | Noticed a red ugly thing
  5508 | D:8      | Noticed a glowing orange brain
  5508 | D:8      | Noticed a green ugly thing
  5508 | D:8      | Noticed a red ugly thing
  5508 | D:8      | Noticed a red ugly thing
  5508 | D:8      | Noticed a red ugly thing
  5600 | D:8      | Noticed Maggie
  5608 | D:8      | Killed Maggie
  5608 | D:8      | Reached ** piety under Okawaru
  5609 | D:8      | Reached XP level 10. HP: 63/64 MP: 10/10
  5911 | D:9      | Noticed Joseph
  5926 | D:9      | Killed Joseph
  5933 | D:9      | HP: 2/65 [warg (4)]
  5939 | D:8      | Slain by a warg

Illustrated notes

Levels and vault maps discovered:
D:1:      onia_arrival_pentagram, layout_basic
D:2:      layout_loops_cross, hangedman_abyss_or_decor_stabs
D:3:      layout_basic, tgw_sif, gammafunk_ghost_icy, serial_co_window_serial,
          co_window_of_opportunity_a, co_window_of_opportunity_a,
          co_window_paths_b, co_window_paths_a, co_window_paths_a,
          co_window_broadway_b, co_window_corner_ca, co_window_2corner,
          shapermc_ecumenical_altar_gd, kennysheep_generic_room_7
D:4:      layout_cave_pools, serial_shops, nicolae_shop_stone
D:5:      layout_loops_cross, mainiacjoe_overflow_large_starburst, serial_shops,
          shop, uniq_grinder
D:6:      layout_basic
D:7:      layout_rooms, minmay_temple_entry_enclosed_plants, serial_shops,
          nicolae_shop_advertising_works [nicolae_subvault_shop_adworks],
          uniq_prince_ribbit1
D:8:      layout_basic, ploomutoo_gammafunk_ghost_potion_laboratory,
          nicolae_specific_store, uniq_maggie
D:9:      layout_basic, vehumet_altar_wand_db, erik_lair_orcish_takeover,
          uniq_harold, uniq_joseph, uniq_gastronok
Temple:   compressed_dpeg_circular_temple

Skill      XL: |  1  2  3  4  5  6  7  8  9 10 |
---------------+-------------------------------+-----
Fighting       | 4 5 6 8 |  8.7
Maces & Flails | 3 4 6 7 |  7.7
Armour         | 4 5 6 8 |  8.7
Shields        | 4 5 6 8 |  8.6
Short Blades   | 2 |  2.4

Action                   |  1- 3 |  4- 6 |  7- 9 | 10-12 || total
-------------------------+-------+-------+-------+-------++-------
Melee: Flail             |   126 |   229 |   227 |    32 ||   614
       Dagger            |       |       |    91 |       ||    91
Throw: Dart              |       |       |     2 |       ||     2
  Use: Scroll            |       |     8 |    11 |       ||    19
Armor: Scale mail        |    94 |   147 |   111 |       ||   352
       Robe              |       |       |    57 |       ||    57
       Chain mail        |       |       |    73 |    29 ||   102
Dodge: Dodged            |    82 |   122 |   169 |    24 ||   397
Block: Buckler           |    27 |    65 |    96 |    12 ||   200

Table legend: (Time is in decaauts)
 A = Elapsed time spent in this place.
 B = Non-inter-level travel time spent in this place.
 C = Inter-level travel time spent in this place.
 D = Time resting spent in this place.
 E = Time spent auto-exploring this place.
 F = Levels seen in this place.
 G = Mean time per level.
                   A        B        C        D        E       F      G
               +--------+--------+--------+--------+--------+-----+--------+
         Total |   6106 |   5792 |    314 |     40 |   4041 |  10 |  610.6 |
       Dungeon |   6091 |   5777 |    314 |     40 |   4041 |   9 |  676.8 |
        Temple |     14 |     14 |      0 |      0 |      0 |   1 |   14.0 |
               +--------+--------+--------+--------+--------+-----+--------+

Top non-repeatable levels by time:
     D:3: 1118 daAuts
     D:1: 827 daAuts
     D:5: 781 daAuts
     D:2: 774 daAuts
     D:6: 707 daAuts
     D:8: 653 daAuts
     D:4: 613 daAuts
     D:7: 574 daAuts
     D:9: 40 daAuts
  Temple: 14 daAuts
